[Event "December 5 Late 2023"]
[Site "https://www.chess.com"]
[Date "2023.12.05"]
[Round "6"]
[White "Winkels, Marcel"]
[Black "Biliy, Vadim"]
[Result "0-1"]
[Board "147"]
[TimeControl "180+1"]
[WhiteFideId "1003887"]
[BlackFideId "14114127"]
[WhiteElo "2008"]
[BlackElo "2292"]
[WhiteTeam "NED"]
[BlackTeam "UKR"]
[WhiteClock "0:00:00"]
[BlackClock "0:00:01"]

1. e4 d6 2. d4 Nf6 3. Nc3 g6 4. Nf3 Bg7 5. Be2 O-O 6. O-O Nc6 7. d5 Nb8 8. Bf4 c6 9. Qd2 a5 10. h3 cxd5 11. exd5 Na6 12. Rfe1 Nb4 13. a3 Na6 14. Bh6 Bxh6 15. Qxh6 Bf5 16. Bd3 Bxd3 17. cxd3 Re8 18. Ng5 Nc7 19. Re3 a4 20. Rf3 Qd7 21. Rxf6 exf6 22. Qxh7+ Kf8 23. Nge4 Re5 24. Qh8+ Ke7 25. Qxf6+ Kf8 26. Qh8+ Ke7 27. Qf6+ Kf8 28. Nxd6 Rh5 29. Re1 Ra6 30. Nce4 Nxd5 31. Qd4 Rxd6 32. Qc5 Ne7 33. Qxd6 Qxd6 34. Nxd6 Rd5 35. Nxb7 Rxd3 36. Nc5 Rd4 37. Rc1 Nd5 38. g3 Nf6 39. Kg2 Ke7 40. Rc3 Kd6 41. Nd3 Ne4 42. Nb4 Nxc3 43. bxc3 Rc4 44. Na2 Kd5 45. Kf3 Rc6 46. Ke3 Kc4 47. Kd2 Rd6+ 48. Kc2 Rf6 49. f4 Re6 50. Nc1 Re3 0-1

[Event "December 5 Late 2023"]
[Site "https://www.chess.com"]
[Date "2023.12.05"]
[Round "6"]
[White "Korol, Dimitry"]
[Black "Gasparyan, David"]
[Result "1-0"]
[Board "148"]
[TimeControl "180+1"]
[WhiteFideId "14108003"]
[BlackFideId "13311980"]
[WhiteElo "2273"]
[BlackElo "2490"]
[WhiteTeam "UKR"]
[BlackTeam "USA"]
[WhiteClock "0:00:12"]
[BlackClock "0:00:17"]

1. d4 Nf6 2. c4 e6 3. Nc3 d5 4. Bg5 c6 5. cxd5 exd5 6. e3 Be7 7. Bd3 Nbd7 8. Qc2 h6 9. Bh4 O-O 10. Nge2 Re8 11. f3 Nh5 12. Bf2 Bg5 13. e4 dxe4 14. fxe4 c5 15. O-O cxd4 16. Nd5 Ne5 17. Bxd4 Be6 18. Bxe5 Bxd5 19. Bc7 Qd7 20. exd5 Qxd5 21. Bc4 Qc5+ 22. Kh1 Qxc7 23. Bxf7+ Qxf7 24. Rxf7 Kxf7 25. Qb3+ Kg6 26. Ng3 Nxg3+ 27. Qxg3 Kh7 28. h3 Re7 29. Rf1 Rae8 30. Qd3+ Kh8 31. a4 Re3 32. Qb5 R8e7 33. a5 R3e5 34. Qb4 Bf6 35. Qc4 Re2 36. b4 R2e4 37. Qc5 Kh7 38. b5 R4e5 39. Qc4 R5e6 40. a6 bxa6 41. bxa6 Rd6 42. Qc2+ Kh8 43. Rb1 Ree6 44. Qg6 Bd8 45. Qf7 Re7 46. Qf8+ Kh7 47. Qf5+ g6 48. Qf4 Red7 49. Rf1 Bg5 50. Qf8 Rd1 51. Kh2 Rxf1 52. Qxf1 Rg7 53. Qf3 Re7 54. Qd5 Kg7 55. Qd4+ Bf6 56. Qd3 Be5+ 57. g3 Bf6 58. Kg2 Rc7 59. h4 h5 60. Qe4 Re7 61. Qd5 Rf7 62. Qc6 Re7 63. Kf3 Rf7 64. Ke4 Re7+ 65. Kd5 Re5+ 66. Kd6 Re3 67. Qb7+ Re7 68. Qxe7+ Bxe7+ 69. Kxe7 Kh6 70. Kf6 Kh7 71. Kf7 Kh6 72. Kg8 g5 73. Kf7 gxh4 74. gxh4 Kh7 75. Kf6 Kh6 76. Kf5 Kh7 77. Kg5 Kg8 78. Kxh5 Kh7 79. Kg5 Kg7 80. Kf5 Kf7 81. Ke5 Kg6 82. Kd6 Kh5 83. Kc7 Kxh4 84. Kb7 Kg5 85. Kxa7 Kf6 86. Kb8 Ke7 87. a7 Kd7 88. a8=Q Kd6 89. Qb7 Kc5 90. Qc7+ Kd5 91. Kb7 Ke6 92. Qc5 Kd7 93. Qd5+ Ke8 94. Qh5+ Ke7 95. Qg6 Kd7 96. Kb6 Ke7 97. Kc5 Kd7 98. Qf6 Ke8 99. Qg7 Kd8 100. Kd6 Ke8 101. Qe7# 1-0

[Event "December 5 Late 2023"]
[Site "https://www.chess.com"]
[Date "2023.12.05"]
[Round "6"]
[White "Gumugama"]
[Black "th3d4rkness"]
[Result "1-0"]
[Board "149"]
[TimeControl "180+1"]
[WhiteElo "2169"]
[BlackElo "2144"]
[WhiteClock "0:00:09"]
[BlackClock "0:00:00"]

1. e4 c5 2. Nf3 Nc6 3. d4 cxd4 4. Nxd4 Nf6 5. Nc3 e5 6. Ndb5 d6 7. Bg5 a6 8. Na3 b5 9. Nd5 Qa5+ 10. Bd2 Qd8 11. Be3 Rb8 12. Nxf6+ Qxf6 13. c3 Qg6 14. Qc2 Bb7 15. g3 Be7 16. Bg2 O-O 17. O-O h5 18. h4 Bc8 19. Rad1 Be6 20. Qb1 Rfc8 21. Nc2 Na5 22. Nb4 Nc4 23. Bc1 a5 24. Nd5 Bf8 25. b3 Nb6 26. Nxb6 Rxb6 27. Bb2 Rbc6 28. Qd3 b4 29. c4 Rc5 30. Qe2 Bg4 31. f3 Be6 32. f4 Qxg3 33. f5 Bd7 34. Qxh5 Qe3+ 35. Kh2 f6 36. Rde1 Qd2 37. Re2 Qd3 38. Qf3 Qxf3 39. Bxf3 Bc6 40. Rg2 Bb7 41. Rfg1 Kh8 42. h5 Kh7 43. h6 gxh6 44. Rg6 R5c7 45. Rxf6 Rg7 46. Rfg6 Rcc7 47. Bh5 Bxe4 48. Rxg7+ Rxg7 49. Bg6+ Kh8 50. Rd1 Be7 51. Bc1 Bg5 52. Bxg5 hxg5 53. Rxd6 1-0

[Event "December 5 Late 2023"]
[Site "https://www.chess.com"]
[Date "2023.12.05"]
[Round "6"]
[White "Esmeraldas Huachi, Anderson"]
[Black "Smirnov, Timofey"]
[Result "1-0"]
[Board "150"]
[TimeControl "180+1"]
[WhiteFideId "3616363"]
[BlackFideId "24176427"]
[WhiteElo "2417"]
[BlackElo "2043"]
[WhiteTeam "ECU"]
[BlackTeam "RUS"]
[WhiteClock "0:02:32"]
[BlackClock "0:00:00"]

1. d4 d5 2. c4 c6 3. cxd5 cxd5 4. Nc3 Nf6 5. Nf3 Nc6 6. Bg5 e6 7. e3 Bd6 8. Bd3 O-O 9. O-O h6 10. Bh4 a6 11. Rc1 Bd7 12. Bg3 Bxg3 13. hxg3 b5 14. a4 b4 15. Nb1 a5 16. Nbd2 Rc8 17. Nb3 Ne4 18. Bxe4 dxe4 19. Nfd2 f5 20. Nc5 Ne7 21. Nc4 Nd5 22. Nb7 Qe7 23. Nbxa5 Ra8 24. b3 Rfc8 25. Nb7 Nc3 26. Qh5 Be8 27. Qh4 Qxh4 28. gxh4 Ne2+ 29. Kh2 Nxc1 30. Rxc1 Rab8 31. Nc5 Bf7 32. Nd6 Rc7 33. Nb5 Rcc8 34. Rc4 Kf8 35. Rxb4 Rd8 36. a5 Be8 37. Nxe6+ Ke7 38. Nxd8 Rxb5 39. Rxb5 Bxb5 40. Nb7 Kd7 41. Nc5+ Kc6 42. g4 g6 43. gxf5 gxf5 44. Kg3 Bd3 45. Kf4 1-0

[Event "December 5 Late 2023"]
[Site "https://www.chess.com"]
[Date "2023.12.05"]
[Round "6"]
[White "Pein, Jonathan"]
[Black "Desideri, Ricardo Maruchi"]
[Result "1-0"]
[Board "151"]
[TimeControl "180+1"]
[WhiteFideId "417092"]
[BlackFideId "2110440"]
[WhiteElo "2367"]
[BlackElo "2014"]
[WhiteTeam "ENG"]
[BlackTeam "BRA"]
[WhiteClock "0:01:40"]
[BlackClock "0:00:53"]

1. e4 c5 2. Nf3 d6 3. c4 Nf6 4. Nc3 e5 5. g3 Nc6 6. Bg2 Be6 7. d3 a6 8. h3 h5 9. Ng5 Qc7 10. Nxe6 fxe6 11. Bg5 O-O-O 12. a3 Be7 13. Qa4 Kb8 14. b4 cxb4 15. axb4 Nd4 16. b5 Qd7 17. bxa6 Qxa4 18. Rxa4 bxa6 19. Rxa6 Kb7 20. Ra2 Ra8 21. Rb2+ Kc6 22. O-O Ra3 23. Nb5 Nxb5 24. cxb5+ Kb7 25. Rd1 Rc8 26. d4 exd4 27. e5+ 1-0

[Event "December 5 Late 2023"]
[Site "https://www.chess.com"]
[Date "2023.12.05"]
[Round "6"]
[White "Cooper, Aaron"]
[Black "Lohani, Sujana"]
[Result "1-0"]
[Board "152"]
[TimeControl "180+1"]
[WhiteFideId "2634945"]
[BlackFideId "12311987"]
[WhiteElo "2308"]
[BlackElo "2004"]
[WhiteTeam "CAN"]
[BlackTeam "NEP"]
[WhiteClock "0:00:27"]
[BlackClock "0:00:09"]

1. d4 g6 2. Nc3 Bg7 3. Bf4 d6 4. e4 a6 5. Qd2 b5 6. a3 Bb7 7. Nf3 Nd7 8. Rd1 c5 9. d5 Ngf6 10. h4 h5 11. Ng5 c4 12. Be2 Nc5 13. f3 Qa5 14. O-O O-O 15. Kh2 Bc8 16. Qe3 Bd7 17. e5 Ne8 18. e6 fxe6 19. dxe6 Bc6 20. Nd5 Bxd5 21. Rxd5 Nf6 22. Rdd1 Qc7 23. b4 cxb3 24. cxb3 Qb7 25. b4 Na4 26. Nf7 Rac8 27. Bd3 Kh7 28. Bh6 Nd5 29. Qg5 Nf4 30. Qxf4 Be5 31. Bxg6+ Kxg6 32. Nxe5+ dxe5 33. Qg5+ Kh7 34. Qg7# 1-0

[Event "December 5 Late 2023"]
[Site "https://www.chess.com"]
[Date "2023.12.05"]
[Round "6"]
[White "Saim, Mohamed Ilias"]
[Black "Clarke, Matthew"]
[Result "0-1"]
[Board "153"]
[TimeControl "180+1"]
[WhiteFideId "7900465"]
[BlackFideId "3227804"]
[WhiteElo "2000"]
[BlackElo "2239"]
[WhiteTeam "ALG"]
[BlackTeam "AUS"]
[WhiteClock "0:00:04"]
[BlackClock "0:00:08"]

1. d4 d5 2. c4 e6 3. Nf3 Nf6 4. e3 Be7 5. Nbd2 O-O 6. Bd3 dxc4 7. Nxc4 c5 8. O-O b5 9. Nce5 c4 10. Bc2 Bb7 11. Bd2 Nbd7 12. b3 cxb3 13. axb3 a5 14. Qb1 h6 15. Rc1 Qb6 16. Bd3 Rfb8 17. Qb2 a4 18. bxa4 bxa4 19. Qxb6 Nxb6 20. Rc7 Bd6 21. Rxf7 Bxf3 22. gxf3 Bxe5 23. dxe5 Kxf7 24. exf6 gxf6 25. Be4 Ra7 26. Bc3 a3 27. Ra2 Nc4 28. Bd3 Ne5 29. Bc2 Rc7 30. Ba1 Nxf3+ 31. Kg2 Ne1+ 0-1

[Event "December 5 Late 2023"]
[Site "https://www.chess.com"]
[Date "2023.12.05"]
[Round "6"]
[White "Boggiano Pereira, Miguel A."]
[Black "Vila Dupla, Aurelio"]
[Result "0-1"]
[Board "154"]
[TimeControl "180+1"]
[WhiteFideId "3102750"]
[BlackFideId "2203383"]
[WhiteElo "1967"]
[BlackElo "2200"]
[WhiteTeam "PUR"]
[BlackTeam "ESP"]
[WhiteClock "0:00:01"]
[BlackClock "0:02:06"]

1. e4 c5 2. Nc3 d6 3. d4 cxd4 4. Qxd4 Nc6 5. Qd2 Nf6 6. b3 e6 7. Bb2 d5 8. exd5 exd5 9. O-O-O Be6 10. Kb1 Bb4 11. Qg5 Bxc3 12. Bxc3 Ne4 13. Qxd8+ Rxd8 14. Bxg7 Rg8 15. Bf6 Nxf6 16. Nf3 Ne4 0-1

[Event "December 5 Late 2023"]
[Site "https://www.chess.com"]
[Date "2023.12.05"]
[Round "6"]
[White "Yushko, Olga"]
[Black "Grbac, Boris"]
[Result "0-1"]
[Board "155"]
[TimeControl "180+1"]
[WhiteFideId "14114500"]
[BlackFideId "14503565"]
[WhiteElo "2112"]
[BlackElo "1925"]
[WhiteTeam "UKR"]
[BlackTeam "CRO"]
[WhiteClock "0:01:25"]
[BlackClock "0:01:49"]

1. d4 c5 2. d5 Nf6 3. c4 e6 4. Nc3 exd5 5. cxd5 d6 6. e4 g6 7. Bd3 Bg7 8. Nf3 O-O 9. h3 a6 10. O-O b5 11. Bg5 Nbd7 12. Re1 Re8 13. Bf4 Qb6 14. e5 Nh5 15. Bh2 Nxe5 16. Nxe5 Bxe5 17. Bxe5 Rxe5 18. Rxe5 dxe5 19. Ne4 Bf5 20. Rc1 Bxe4 21. Bxe4 Nf4 22. d6 Rd8 23. d7 Qc7 24. g3 Rxd7 25. Qg4 h5 26. Qh4 Ne2+ 0-1

[Event "December 5 Late 2023"]
[Site "https://www.chess.com"]
[Date "2023.12.05"]
[Round "7"]
[White "Carlsen, Magnus"]
[Black "Firouzja, Alireza"]
[Result "1/2-1/2"]
[Board "1"]
[TimeControl "180+1"]
[WhiteFideId "1503014"]
[BlackFideId "12573981"]
[WhiteElo "3317"]
[BlackElo "3159"]
[WhiteTeam "NOR"]
[BlackTeam "FRA"]
[WhiteClock "0:00:05"]
[BlackClock "0:00:03"]

1. Nf3 d5 2. g3 Nf6 3. Bg2 c5 4. O-O g6 5. c4 Bg7 6. Qa4+ Bd7 7. Qb3 dxc4 8. Qxc4 Na6 9. Ne5 Be6 10. Qb5+ Nd7 11. Nxd7 Nc7 12. Nf6+ Kf8 13. Qxc5 Bxf6 14. Nc3 h5 15. d3 b6 16. Qe3 Rc8 17. h4 Nd5 18. Bxd5 Bxd5 19. Bd2 Bb7 20. Rac1 Bd4 21. Qf4 Kg7 22. Be3 Bf6 23. Ne4 Bxb2 24. Rxc8 Qxc8 25. Ng5 Qf5 26. Bd4+ Bxd4 27. Qxd4+ f6 28. Ne4 Rc8 29. a4 Bxe4 30. dxe4 Qe6 31. Qd3 Rc4 32. e5 fxe5 33. Ra1 Qc6 34. Qa3 Qc5 35. Qb2 Rc2 36. Qb5 Qd4 37. Rf1 Rc5 38. Qe8 Qd6 39. e3 Qe6 40. Rd1 Rc8 41. Qd7 Kf7 42. Qb5 Rc5 43. Qa6 Qg4 44. Rf1 Qd7 45. Kh2 Ra5 46. Qc4+ Qd5 47. Qc2 e4 48. Rd1 Qe6 49. Rd4 Rf5 50. Kg2 Re5 51. Qd2 Qf5 52. Rd8 Qf3+ 53. Kh2 Qf5 54. Kg1 Qe6 55. Qd4 Qf6 56. Qc4+ Qe6 57. Qd4 Qf6 58. Qc4+ Qe6 59. Qd4 1/2-1/2

[Event "December 5 Late 2023"]
[Site "https://www.chess.com"]
[Date "2023.12.05"]
[Round "7"]
[White "Xiong, Jeffery"]
[Black "Andreikin, Dmitry"]
[Result "1-0"]
[Board "2"]
[TimeControl "180+1"]
[WhiteFideId "2047640"]
[BlackFideId "4158814"]
[WhiteElo "3025"]
[BlackElo "3119"]
[WhiteTeam "USA"]
[BlackTeam "FID"]
[WhiteClock "0:01:18"]
[BlackClock "0:00:08"]

1. Nf3 Nf6 2. c4 c6 3. Nc3 d5 4. cxd5 cxd5 5. d4 Nc6 6. Bf4 Bf5 7. Qb3 Na5 8. Qa4+ Bd7 9. Qc2 Rc8 10. e3 e6 11. Bd3 Be7 12. O-O O-O 13. Ne5 Nc6 14. a3 h6 15. Qe2 Be8 16. Rfc1 Nd7 17. Nxc6 Rxc6 18. Nb5 Rxc1+ 19. Rxc1 a6 20. Nd6 Bxd6 21. Bxd6 Nb8 22. Bxf8 Kxf8 23. Qc2 Nc6 24. Qc5+ Qe7 25. b4 g5 26. Kf1 Bd7 27. Ke2 Ke8 28. Qxe7+ Kxe7 29. Kd2 Nd8 30. f3 Kd6 31. e4 f6 32. Ke3 Bc6 33. h4 Nf7 34. hxg5 hxg5 35. Rh1 Ke7 36. Rh7 Kf8 37. e5 f5 38. g4 Kg8 39. Rh5 f4+ 40. Kd2 Be8 41. Kc3 b5 42. a4 Kg7 43. axb5 Bxb5 44. Bxb5 axb5 45. Rh1 1-0

[Event "December 5 Late 2023"]
[Site "https://www.chess.com"]
[Date "2023.12.05"]
[Round "7"]
[White "Zhigalko, Sergei"]
[Black "Bortnyk, Olexandr"]
[Result "1-0"]
[Board "3"]
[TimeControl "180+1"]
[WhiteFideId "13502956"]
[BlackFideId "14120828"]
[WhiteElo "2944"]
[BlackElo "3091"]
[WhiteTeam "BLR"]
[BlackTeam "UKR"]
[WhiteClock "0:00:04"]
[BlackClock "0:00:02"]

1. e4 d6 2. d4 Nf6 3. Nc3 Nbd7 4. Nf3 e5 5. Bc4 Be7 6. O-O O-O 7. Re1 a6 8. a4 b6 9. Ba2 Bb7 10. h3 c6 11. Nh4 g6 12. Nf3 Nh5 13. Bh6 Ng7 14. Qd2 b5 15. Rad1 b4 16. Ne2 Qa5 17. dxe5 Nxe5 18. Nxe5 Qxe5 19. Qxb4 Rab8 20. Bf4 c5 21. Bxe5 cxb4 22. Bxd6 Bxd6 23. Rxd6 Bxe4 24. Nd4 Nf5 25. Nxf5 Bxf5 26. Bb3 Rfe8 27. Rxe8+ Rxe8 28. Rxa6 Re1+ 29. Kh2 Re2 30. Rb6 Rxf2 31. Rxb4 Bd7 32. Kg1 Rd2 33. Rc4 Be6 34. Rc7 Bxb3 35. cxb3 Rxb2 36. Rb7 Kg7 37. a5 Ra2 38. b4 Kf6 39. Rb6+ Ke5 40. Kh2 f5 41. Rb7 f4 42. Rxh7 f3 43. Kg3 fxg2 44. Kh2 Rb2 45. Rb7 Kf4 46. a6 Ra2 47. b5 Ke3 48. Rf7 Rb2 49. a7 Ra2 50. b6 g5 51. b7 g1=Q+ 52. Kxg1 Rxa7 53. Re7+ Kf3 54. Rf7+ Ke3 55. b8=Q Rxf7 56. Qb3+ Kf4 57. Qxf7+ Kg3 58. Qf2+ 1-0

[Event "December 5 Late 2023"]
[Site "https://www.chess.com"]
[Date "2023.12.05"]
[Round "7"]
[White "Deac, Bogdan-Daniel"]
[Black "Nakamura, Hikaru"]
[Result "1/2-1/2"]
[Board "4"]
[TimeControl "180+1"]
[WhiteFideId "1226380"]
[BlackFideId "2016192"]
[WhiteElo "2999"]
[BlackElo "3233"]
[WhiteTeam "ROU"]
[BlackTeam "USA"]
[WhiteClock "0:00:04"]
[BlackClock "0:00:04"]

1. d4 g6 2. e4 Bg7 3. Nf3 c5 4. d5 d6 5. c4 e6 6. Nc3 e5 7. h3 f5 8. exf5 gxf5 9. g4 e4 10. Ng5 Bxc3+ 11. bxc3 Qe7 12. Bf4 Nf6 13. Ne6 Bxe6 14. dxe6 Qxe6 15. Qxd6 Qxd6 16. Bxd6 Nc6 17. gxf5 b6 18. Rg1 Rd8 19. O-O-O Kf7 20. Be2 Rd7 21. f3 Rhd8 22. Bf4 Rxd1+ 23. Rxd1 Rxd1+ 24. Kxd1 Ne7 25. Bb8 Nc6 26. Bd6 Ne7 27. Bb8 Nd7 28. Bf4 exf3 29. Bxf3 Kf6 30. Ke2 Ne5 31. Be4 Nxf5 32. Bxf5 Kxf5 33. Bxe5 Kxe5 34. Ke3 Kf5 35. Kf3 Kg5 36. Kg3 h6 37. Kf3 Kf5 38. Ke3 a6 39. a4 Ke5 40. Kf3 Kf5 41. Ke3 Ke5 42. Kf3 Kf5 43. Ke3 1/2-1/2

[Event "December 5 Late 2023"]
[Site "https://www.chess.com"]
[Date "2023.12.05"]
[Round "7"]
[White "Naroditsky, Daniel"]
[Black "Drozdowski, Kacper"]
[Result "1/2-1/2"]
[Board "5"]
[TimeControl "180+1"]
[WhiteFideId "2026961"]
[BlackFideId "1136720"]
[WhiteElo "3169"]
[BlackElo "2988"]
[WhiteTeam "USA"]
[BlackTeam "POL"]
[WhiteClock "0:00:09"]
[BlackClock "0:00:10"]

1. e4 c5 2. c3 d6 3. d4 Nf6 4. dxc5 Nc6 5. Qc2 dxc5 6. Nf3 Bg4 7. Nbd2 e6 8. Bb5 Bxf3 9. Nxf3 Qb6 10. Qa4 Be7 11. Ne5 Rc8 12. Bxc6+ bxc6 13. O-O O-O 14. Qc2 Rfd8 15. h3 Qa6 16. Be3 Nd7 17. Nf3 Nb6 18. b3 c4 19. Rfd1 c5 20. Qe2 Qb7 21. Qc2 h6 22. Rab1 cxb3 23. axb3 a5 24. c4 Rxd1+ 25. Rxd1 a4 26. bxa4 Qa6 27. Ne5 Qxa4 28. Qxa4 Nxa4 29. Rd7 Kf8 30. Rb7 Nc3 31. f3 Ne2+ 32. Kf2 Nd4 33. Bxd4 cxd4 34. Ke2 Ke8 35. Kd3 Ra8 36. Kxd4 Rd8+ 37. Ke3 Bc5+ 38. Ke2 f6 39. Nd3 Be7 40. Nf4 Kf7 41. h4 g5 42. hxg5 hxg5 43. Ng6 Kxg6 44. Rxe7 e5 45. Rc7 Rd4 46. Ke3 Rd1 47. Ke2 Rd4 48. Ke3 Rd1 49. c5 Rc1 50. Rc8 Kg7 51. c6 Rc5 52. Kd3 Kh7 53. Ke3 Kg7 54. Kf2 Rc2+ 55. Kg3 Kh7 56. Kg4 Kg6 57. g3 Rc3 58. c7 Kg7 59. Kh3 Kh7 60. Kg4 Kg7 61. Kf5 Rxf3+ 62. Ke6 Rc3 63. g4 Rc1 64. Ke7 Rc2 65. Kd6 Rd2+ 66. Ke6 Rc2 67. Kf5 Rc1 68. Ke6 Rc2 69. Kd7 Rd2+ 70. Kc6 Rc2+ 71. Kb6 Rb2+ 72. Ka6 Ra2+ 73. Kb5 Rc2 74. Kb4 Rc1 75. Kb3 Kh7 76. Kb4 Kg7 77. Kb3 Kh7 78. Kb2 Rc6 79. Ka3 Kg7 80. Ka4 Rc1 81. Ka5 Ra1+ 82. Kb6 Rb1+ 83. Kc6 Rc1+ 84. Kb6 Rb1+ 85. Kc6 Rc1+ 86. Kd6 Rd1+ 87. Ke7 Rc1 88. Ke6 Rc2 1/2-1/2

[Event "December 5 Late 2023"]
[Site "https://www.chess.com"]
[Date "2023.12.05"]
[Round "7"]
[White "Erigaisi Arjun"]
[Black "Terry, Renato"]
[Result "1-0"]
[Board "6"]
[TimeControl "180+1"]
[WhiteFideId "35009192"]
[BlackFideId "3803457"]
[WhiteElo "3102"]
[BlackElo "2983"]
[WhiteTeam "IND"]
[BlackTeam "PER"]
[WhiteClock "0:00:15"]
[BlackClock "0:00:01"]

1. b3 d5 2. e3 e5 3. Bb2 Bd6 4. Nf3 Qe7 5. c4 d4 6. d3 Nf6 7. Nbd2 O-O 8. Be2 dxe3 9. fxe3 Ng4 10. Nf1 Bb4+ 11. N3d2 Qh4+ 12. g3 Qh3 13. Bf3 Nc6 14. a3 Bc5 15. Qe2 a5 16. Ne4 Be7 17. O-O-O Bf5 18. Bg2 Qh6 19. h3 Nf6 20. Nxf6+ Qxf6 21. g4 Be6 22. Ng3 Qh4 23. Nf5 Bxf5 24. gxf5 Bf6 25. Qg4 Qh6 26. Kd2 Nd4 27. Rb1 Nxb3+ 28. Ke2 a4 29. Bxb7 Rab8 30. Bd5 Rb6 31. Bc3 Rfb8 32. Kf2 Nc5 33. Rxb6 Rxb6 34. d4 Rb3 35. dxc5 Rxc3 36. Qe4 Rxa3 37. Rd1 Qh4+ 38. Qxh4 Bxh4+ 39. Ke2 Bg5 40. e4 Re3+ 41. Kf2 a3 42. Rb1 g6 43. h4 Bf4 44. f6 h5 45. Rb8+ Kh7 46. Bxf7 a2 47. Bg8+ Kh6 48. Bd5 a1=Q 49. Rh8# 1-0

[Event "December 5 Late 2023"]
[Site "https://www.chess.com"]
[Date "2023.12.05"]
[Round "7"]
[White "Martinez Alcantara, Jose Eduardo"]
[Black "Nihal Sarin"]
[Result "1/2-1/2"]
[Board "7"]
[TimeControl "180+1"]
[WhiteFideId "3805662"]
[BlackFideId "25092340"]
[WhiteElo "2977"]
[BlackElo "3097"]
[WhiteTeam "PER"]
[BlackTeam "IND"]
[WhiteClock "0:00:02"]
[BlackClock "0:00:06"]

1. e4 c5 2. Nf3 Nc6 3. c3 d5 4. exd5 Qxd5 5. d4 Bf5 6. Be3 cxd4 7. Nxd4 Nf6 8. Qb3 Nxd4 9. Bxd4 Qe4+ 10. Be3 Be6 11. Bb5+ Nd7 12. Qa4 Qxg2 13. Rf1 a6 14. Nd2 Rc8 15. Be2 Bd5 16. O-O-O Bc6 17. Qh4 e6 18. Rg1 Be7 19. Qf4 g5 20. Qd4 e5 21. Qxd7+ Kxd7 22. Nf3+ Ke6 23. Rxg2 f6 24. Rgg1 h5 25. h3 b5 26. Nd2 Be8 27. Bd3 Rg8 28. Bc2 Rg7 29. Bb3+ Kf5 30. Bc2+ Ke6 31. Bb3+ Kf5 32. Kb1 Bf7 33. Bc2+ Ke6 34. h4 g4 35. f4 Bg6 36. fxe5 Bxc2+ 37. Kxc2 fxe5 38. Ne4 Bxh4 39. Rd6+ Kf5 40. Kd3 g3 41. Rg2 Kg4 42. Ke2 Kh3 43. Rg1 Rf8 44. Rd3 Rg4 45. Nd2 e4 46. Rd5 Rh8 47. Re5 Kh2 48. Rxe4 Rxe4 49. Nxe4 g2 50. Nd2 Bg3 51. Nf3+ Kh3 52. Ng5+ Kh2 53. Nf3+ Kh3 54. Ng5+ Kh2 55. Nf3+ 1/2-1/2

[Event "December 5 Late 2023"]
[Site "https://www.chess.com"]
[Date "2023.12.05"]
[Round "7"]
[White "Maksimovic, Bojan"]
[Black "Pranav, V"]
[Result "0-1"]
[Board "8"]
[TimeControl "180+1"]
[WhiteFideId "14408120"]
[BlackFideId "25060783"]
[WhiteElo "2923"]
[BlackElo "3058"]
[WhiteTeam "BIH"]
[BlackTeam "IND"]
[WhiteClock "0:00:02"]
[BlackClock "0:00:14"]

1. e4 e5 2. Nf3 Nc6 3. Bb5 a6 4. Ba4 Nf6 5. O-O b5 6. Bb3 Bc5 7. c3 d6 8. d4 Bb6 9. Be3 O-O 10. Nbd2 h6 11. h3 Re8 12. Re1 Bb7 13. d5 Ne7 14. Bxb6 cxb6 15. a4 bxa4 16. Bxa4 b5 17. Bc2 Nd7 18. Bd3 Rc8 19. Nb3 Ng6 20. Bf1 Ngf8 21. Na5 Ba8 22. Qd2 Nb6 23. b4 f5 24. exf5 Bxd5 25. Nh2 Qf6 26. Ng4 Qxf5 27. Ne3 Qf7 28. Rad1 Ba8 29. Qxd6 Re6 30. Qd2 Ng6 31. c4 Nh4 32. c5 Rg6 33. Qc2 Nf3+ 34. Kh1 Nxe1 35. Rxe1 Nd5 36. Ng4 Nf4 37. Nxe5 Nxg2 38. Bxg2 Bxg2+ 39. Kg1 Be4+ 40. Kf1 Bxc2 41. Nxf7 Kxf7 42. c6 Bf5 43. Re5 Bxh3+ 44. Ke2 Re6 45. f4 Rxe5+ 46. fxe5 Ke6 47. c7 Kxe5 48. Nc6+ Kd6 49. Na7 Rxc7 50. Nxb5+ axb5 0-1

[Event "December 5 Late 2023"]
[Site "https://www.chess.com"]
[Date "2023.12.05"]
[Round "7"]
[White "Melkumyan, Hrant"]
[Black "Oparin, Grigoriy"]
[Result "0-1"]
[Board "9"]
[TimeControl "180+1"]
[WhiteFideId "13302485"]
[BlackFideId "24125890"]
[WhiteElo "2915"]
[BlackElo "3054"]
[WhiteTeam "ARM"]
[BlackTeam "USA"]
[WhiteClock "0:01:21"]
[BlackClock "0:02:03"]

1. Nf3 Nf6 2. c4 b6 3. g3 Bb7 4. Bg2 c5 5. O-O g6 6. Nc3 Bg7 7. b3 O-O 8. Bb2 e6 9. d4 Qe7 10. e3 d5 11. dxc5 bxc5 12. cxd5 exd5 13. Rc1 Rd8 14. Ne1 Na6 15. Nd3 Rac8 16. Re1 Ne4 17. Qc2 Nb4 18. Qb1 Nd2 19. Qa1 Nxd3 20. Nxd5 Bxd5 21. Bxg7 Bxg2 22. Kxg2 Qe4+ 0-1

[Event "December 5 Late 2023"]
[Site "https://www.chess.com"]
[Date "2023.12.05"]
[Round "7"]
[White "Duda, Jan-Krzysztof"]
[Black "Demchenko, Anton"]
[Result "1-0"]
[Board "10"]
[TimeControl "180+1"]
[WhiteFideId "1170546"]
[BlackFideId "4160258"]
[WhiteElo "3045"]
[BlackElo "2896"]
[WhiteTeam "POL"]
[BlackTeam "SLO"]
[WhiteClock "0:00:06"]
[BlackClock "0:00:00"]

1. f4 d5 2. Nf3 Nh6 3. c3 Bg4 4. Ne5 Bf5 5. Qb3 Bc8 6. d3 f6 7. Nf3 Nc6 8. e4 e6 9. Be3 Be7 10. Nbd2 O-O 11. h3 Nf7 12. g4 Na5 13. Qc2 c5 14. Nb3 b6 15. h4 Nc6 16. g5 f5 17. Rd1 Bb7 18. Bh3 Nd6 19. e5 Nb5 20. a4 Nc7 21. d4 Na6 22. Bf1 cxd4 23. Nbxd4 Qc8 24. Nxc6 Bxc6 25. Bxa6 Qxa6 26. Nd4 Bd7 27. Kf2 Rac8 28. Ra1 Bc5 29. h5 Rc7 30. Qd2 Rfc8 31. b3 Bf8 32. Rhc1 Qb7 33. g6 h6 34. Kg3 Bc5 35. Kh3 Be7 36. Ra2 a6 37. Rcc2 Bc5 38. Ra1 Bf8 39. Kg3 Be7 40. Ne2 Bc5 41. Bd4 Be7 42. Raa2 Bc5 43. b4 Be7 44. a5 b5 45. Rab2 Rc4 46. Nc1 Qc7 47. Nd3 Qd8 48. Qe3 Bh4+ 49. Kh3 Be7 50. Rb1 R4c6 51. Bc5 Qe8 52. Bd4 Bd8 53. Rbc1 Qe7 54. Nc5 Qh4+ 55. Kg2 Qxh5 56. Qg3 Bh4 57. Qh3 Qxg6+ 58. Kf3 Qg4+ 59. Qxg4 fxg4+ 60. Kxg4 Be7 61. Nxd7 Kf7 62. Nb6 Rh8 63. f5 h5+ 64. Kf4 exf5 65. Nxd5 Ke6 66. Nxe7 Kxe7 67. Kxf5 Rf8+ 68. Ke4 Ke6 69. Rg2 Rc7 70. Rcg1 1-0

[Event "December 5 Late 2023"]
[Site "https://www.chess.com"]
[Date "2023.12.05"]
[Round "7"]
[White "Sarana, Alexey"]
[Black "Alexandre, Anne Shopie Elizabeth"]
[Result "1-0"]
[Board "11"]
[TimeControl "180+1"]
[WhiteFideId "24133795"]
[BlackFideId "11902418"]
[WhiteElo "3014"]
[BlackElo "2878"]
[WhiteTeam "SRB"]
[BlackTeam "HAI"]
[WhiteClock "0:00:39"]
[BlackClock "0:01:13"]

1. d4 Nf6 2. c4 c6 3. Nc3 d5 4. Nf3 e6 5. e3 Nbd7 6. Qc2 a6 7. b3 b5 8. Be2 Bd6 9. O-O O-O 10. e4 dxe4 11. Nxe4 Nxe4 12. Qxe4 Bb7 13. c5 Nf6 14. Qc2 Be7 15. Bf4 a5 16. Rad1 b4 17. Ne5 Nd5 18. Bd2 Qc7 19. Rfe1 Ba6 20. Bf3 Bf6 21. g3 Rfd8 22. h4 Bb5 23. h5 h6 24. Kg2 a4 25. Ng4 axb3 26. axb3 Bxd4 27. Bxh6 Bc3 28. Bd2 Qe7 29. h6 Qxc5 30. hxg7 Kxg7 31. Bg5 Rh8 32. Bxd5 exd5 33. Bf6+ Kg8 34. Rh1 1-0